 Dungeon Crawl Stone Soup version 0.30-a0-782-ge64f9170bb (webtiles) character file.

Game seed: 4729604913172228644

179 funkygono the Trooper (level 5, -6/47 HPs)
             Began as a Minotaur Fighter on Mar 7, 2023.
             Killed from afar by an orc wizard (8 damage)
             ... with a magic dart
             ... on level 3 of the Dungeon.
             The game lasted 00:02:45 (2167 turns).

funkygono the Trooper (Minotaur Fighter)            Turns: 2167, Time: 00:02:45

Health: -6/47      AC:  9    Str: 22    XL:     5   Next: 33%
Magic:  4/4        EV:  7    Int:  5    God:
Gold:   168        SH:  0    Dex: 10    Spells: 4/4 levels left

rFire   . . .      SeeInvis .    a - +0 long sword
rCold   . . .      Faith    .    c - +0 buckler
rNeg    . . .      Spirit   .    p - +0 chain mail
rPois   .          Reflect  .    (helmet restricted)
rElec   .          Harm     .    (no cloak)
rCorr   .          Rampage  .    (no gloves)
Will    .....                    (no boots) Stlth
                                 (no amulet)
HPRegen 0.27/turn                (no ring)
MPRegen 0.09/turn                (no ring)

@: confused
A: horns 2, retaliatory headbutt
a: no special abilities


You were on level 3 of the Dungeon.
You visited 1 branch of the dungeon, and saw 3 of its levels.

You collected 168 gold pieces.

Inventory:

Hand Weapons
 a - a +0 long sword (weapon)
Missiles
 l - 4 boomerangs (quivered)
Armour
 b - a +0 scale mail
 c - a +0 buckler (worn)
 o - the +1 leather armour "Haaqom" {rElec}
   (You found it on level 2 of the Dungeon)

   rElec:     It insulates you from electricity.
 p - a +0 chain mail (worn)
Magical Staves
 f - a staff of fire
Wands
 s - a wand of iceblast (9)
Scrolls
 i - 3 scrolls of teleportation {unknown}
 j - 3 scrolls of fear {unknown}
 m - 2 scrolls of identify {unknown}
 n - a scroll of immolation {unknown}
 r - a scroll of silence {unknown}
 t - a scroll of noise {unknown}
Potions
 d - a potion of might
 e - a potion of attraction {unknown}
 g - 2 potions of mutation {unknown}
 h - 2 potions of heal wounds {unknown}
 k - 3 potions of cancellation {unknown}
 q - a potion of haste {unknown}


   Skills:
 + Level 4.6 Fighting
 + Level 4.2 Long Blades
 + Level 1.1 Throwing
 + Level 4.6 Armour
 + Level 1.0 Dodging
 + Level 4.3 Shields


You had 4 spell levels left.
You didn't know any spells.
Your spell library contained the following spells:

 Spells                   Type           Power      Damage    Failure   Level
 Sandblast                Erth           0%         2d4       99%         1
 Passwall                 Tmut/Erth      0%         N/A       100%        2
 Stone Arrow              Conj/Erth      0%         3d7       100%        3


Dungeon Overview and Level Annotations

Branches:
Dungeon (3/15)

Altars:


Innate Abilities, Weirdness & Mutations

You have a pair of horns on your head.
You reflexively headbutt those who attack you in melee.


Message History

You see here a +0 dagger.
You hit the orc wizard but do no damage.
Your headbutt misses the orc wizard. You block the orc's attack.
You hit the orc.
The orc is lightly wounded.
The orc wizard barely misses you. The orc barely misses you.
The orc hits you with a +0 mace.
* * * LOW HITPOINT WARNING * * *
You hit the orc wizard but do no damage.
Your headbutt misses the orc wizard. The orc hits you but does no damage.
The orc wizard points at you and mumbles some strange words.
You are confused.
The orc hits you but does no damage. x2
The orc wizard casts a spell at you.
The magic dart hits you but does no damage.
The orc hits you but does no damage.
You hit the orc wizard.
The orc wizard is moderately wounded.
The orc hits you but does no damage. The orc wizard completely misses you.
The orc hits you but does no damage.
You bump into the rock wall.
The orc wizard hits you with a +0 dagger.
* * * LOW HITPOINT WARNING * * *
The orc hits you with a +0 hand axe.
* * * LOW HITPOINT WARNING * * *
The orc hits you but does no damage.
You bump into the rock wall.
The orc wizard points at you and mumbles some strange words.
You are more confused.
The orc barely misses you. The orc hits you but does no damage.
You miss the orc. The orc hits you with a +0 hand axe.
* * * LOW HITPOINT WARNING * * *
The orc wizard hits you but does no damage.
The orc hits you with a +0 mace.
* * * LOW HITPOINT WARNING * * *
You bump into the rock wall.
The orc hits you with a +0 hand axe.
* * * LOW HITPOINT WARNING * * *
The orc wizard points at you and mumbles some strange words.
The magic dart hits you!
You die...

####### #####.....###
#### #...........# .....
#...........#######.....
#.......................
+...........)oo.........
#...........†@o.).......
#...........#######.....
+...........# ...
#...........# .
####...........#
...#...........#
....#.################
.........# #........#
......†))# #........#


You could see an orc wizard and 2 orcs.

Vanquished Creatures
  An orc priest (D:3)
  A hound (D:3)
  Ijyb (D:3)
  Robin (D:3)
  2 adders
  2 dart slugs (D:1)
  An orc (D:3)
  3 bats
  4 endoplasms
  3 giant cockroaches (D:2)
  9 goblins
  9 hobgoblins
  6 jackals
  A quokka (D:2)
  5 ball pythons
  7 frilled lizards
  2 kobolds (D:1)
  4 rats
62 creatures vanquished.

Notes
Turn   | Place    | Note
-------+----------+-------------------------------------------
     0 | D:1      | funkygono the Minotaur Fighter began the quest for the Orb.
     0 | D:1      | Reached XP level 1. HP: 19/19 MP: 0/0
   272 | D:1      | Reached XP level 2. HP: 27/27 MP: 1/1
   866 | D:1      | Reached XP level 3. HP: 33/33 MP: 2/2
  1421 | D:2      | Identified the +1 leather armour "Haaqom" {rElec}
  1823 | D:3      | Reached XP level 4. HP: 40/41 MP: 3/3
  1993 | D:3      | Noticed Ijyb
  1993 | D:3      | Noticed Robin
  2018 | D:3      | Killed Ijyb
  2019 | D:3      | Reached skill level 1 in Throwing
  2042 | D:3      | Killed Robin
  2048 | D:3      | Reached XP level 5. HP: 31/47 MP: 4/4
  2129 | D:3      | Reached skill level 1 in Dodging
  2167 | D:3      | HP: 2/47 [orc/+0 hand axe (2)]
  2167 | D:3      | Killed from afar by an orc wizard

Illustrated notes

Levels and vault maps discovered:
D:1:      amcnicky_arrival_feature_with_door, layout_basic
D:2:      minmay_skewed_foursquare, layout_loops_ring
D:3:      layout_basic, shapermc_ecumenical_altar_gd, serial_shops,
          nicolae_shop_statue_plus, nicolae_goblin_pals

Skill      XL: |  1  2  3  4  5 |
---------------+----------------+-----
Fighting       | 4 |  4.6
Shields        | 4 |  4.3
Armour         | 4 |  4.6
Long Blades    | 3 4 |  4.2
Throwing       | 1 |  1.1
Dodging        | 1 |  1.0

Action                     |  1- 3 |  4- 6 || total
---------------------------+-------+-------++-------
  Melee: Long sword        |    79 |    61 ||   140
         Headbutt          |     8 |     7 ||    15
  Throw: Boomerang         |    17 |       ||    17
 Armour: Scale mail        |    31 |     3 ||    34
         Chain mail        |       |    57 ||    57
  Dodge: Dodged            |    41 |    31 ||    72
  Block: Buckler           |    19 |    15 ||    34

Table legend: (Time is in decaauts)
 A = Elapsed time spent in this place.
 B = Non-inter-level travel time spent in this place.
 C = Inter-level travel time spent in this place.
 D = Time resting spent in this place.
 E = Time spent auto-exploring this place.
 F = Levels seen in this place.
 G = Mean time per level.
                   A        B        C        D        E       F      G
               +--------+--------+--------+--------+--------+-----+--------+
         Total |   2213 |   2114 |     99 |      0 |   1654 |   3 |  737.7 |
       Dungeon |   2213 |   2114 |     99 |      0 |   1654 |   3 |  737.7 |
               +--------+--------+--------+--------+--------+-----+--------+

Top non-repeatable levels by time:
     D:2: 926 daAuts
     D:1: 906 daAuts
     D:3: 380 daAuts
